 Dungeon Crawl Stone Soup version 0.28-a0-1594-ga885d4b3d6 (webtiles) character file.

Game seed: 18095305940052753034

25 issech the Ducker (level 2, -4/29 HPs)
             Began as a Troll Fighter on Jan 20, 2022.
             Slain by a gnoll (8 damage)
             ... on level 2 of the Dungeon.
             The game lasted 00:03:46 (739 turns).

issech the Ducker (Troll Fighter)                    Turns: 739, Time: 00:03:47

Health: -4/29      AC:  4    Str: 23    XL:     2   Next: 86%
Magic:  1/1        EV:  8    Int:  4    God:
Gold:   83         SH:  7    Dex:  9    Spells: 1/1 levels left

rFire   . . .      SeeInvis .   m - +0 mace
rCold   . . .      Faith    .   c - +0 kite shield
rNeg    . . .      Spirit   .   b - +0 robe
rPois   .          Reflect  .   (helmet restricted)
rElec   .          Harm     .   (no cloak)
rCorr   .          Rampage  .   (gloves unavailable)
Will    .....                   (boots unavailable)
Stlth   +.........              (no amulet)
HPRegen 0.89/turn               (no ring)
MPRegen 0.07/turn               (no ring)

@: no status effects
A: large, unfitting armour, claws 3, regeneration 1, shaggy fur 1, tough skin 1
a: no special abilities


You were on level 2 of the Dungeon.
You visited 1 branch of the dungeon, and saw 2 of its levels.

You collected 83 gold pieces.

Inventory:

Hand Weapons
 a - a +0 flail
 m - a +0 mace (weapon)
Missiles
 j - 23 arrows
 k - 24 stones (quivered)
Armour
 b - a +0 robe (worn)
 c - a +0 kite shield (worn)
Magical Staves
 h - a staff of earth
Scrolls
 e - a scroll of identify {unknown}
 g - a scroll of enchant armour {unknown}
 i - a scroll of teleportation {unknown}
Potions
 d - a potion of might
 f - a potion of attraction {unknown}
 l - 2 potions of resistance {unknown}


   Skills:
 + Level 2.5 Fighting
 + Level 2.1 Maces & Flails
 + Level 2.8 Dodging
 + Level 2.7 Shields


You had one spell level left.
You didn't know any spells.
Your spell library contained the following spells:

 Spells                   Type           Power      Damage    Failure   Level
 Frozen Ramparts          Ice            0%         1d2       99%         3
 Ice Form                 Ice/Tmut       0%         N/A       100%        4
 Summon Ice Beast         Ice/Summ       0%         N/A       100%        4


Dungeon Overview and Level Annotations

Branches:
Dungeon (2/15)

Altars:


Innate Abilities, Weirdness & Mutations

You are too large for most types of armour.
You have claws for hands.
Your natural rate of healing is unusually fast.
You are covered in fur. (AC +1)
You have tough skin. (AC +1)


Message History

Found a stone staircase leading up.
You now have 79 gold pieces (gained 14).
You now have 83 gold pieces (gained 4).
You open the door.
There is an open door here.
You open the door.
There is an open door here.
Found a stone staircase leading down.
Found a pair of embroidered boots.
There is a stone staircase leading down here.
You see here a +2 pair of boots.
You open the door.
A gnoll shaman and 2 gnolls come into view.
The gnoll shaman shouts!
The gnoll shouts! x2
A gnoll comes into view. It is wielding a +0 halberd.
A kobold comes into view. It is wielding a +0 club.
The gnoll moves out of view.
The gnoll shouts!
The kobold shouts!
A gnoll comes into view. It is wielding a +0 flail.
The gnoll closely misses you.
There is an open door here.
The gnoll barely misses you. You block the gnoll's attack.
There is an open door here.
You hit the gnoll.
The gnoll is moderately wounded.
The gnoll closely misses you.
The gnoll hits you from afar with a +0 halberd.
You block the gnoll's attack.
You barely miss the gnoll shaman. The gnoll barely misses you.
The gnoll misses you.
The gnoll shaman hits you with a +0 club.
You hit the gnoll shaman.
The gnoll shaman is lightly wounded.
You block the gnoll's attack.
The gnoll hits you from afar with a +0 halberd!
The gnoll shaman hits you with a +0 club!
* * * LOW HITPOINT WARNING * * *
The gnoll barely misses you.
The gnoll hits you from afar with a +0 halberd!
You die...

...+....
####..... ...#
.....# ## #.
##...#.#..#.#
####.##.#.#
......#####
#........########
#........@ggK....
#.......[##gg....
#.# #........#
.....
..#.####........#
....
###.......>######
### ##########.#
...# #.#
##.#######.#
...........#


You could see a gnoll shaman, 3 gnolls and a kobold.

Vanquished Creatures
  3 bats (D:1)
  2 endoplasms (D:1)
  A giant cockroach (D:1)
  3 goblins (D:1)
  3 hobgoblins (D:1)
  A kobold (D:1)
  A quokka (D:1)
  5 ball pythons (D:1)
  5 rats (D:1)
24 creatures vanquished.

Notes
Turn   | Place    | Note
-------+----------+-------------------------------------------
     0 | D:1      | issech the Troll Fighter began the quest for the Orb.
     0 | D:1      | Reached XP level 1. HP: 22/22 MP: 0/0
    81 | D:1      | Reached XP level 2. HP: 29/29 MP: 1/1
   281 | D:1      | Found a faded altar of an unknown god.
   739 | D:2      | Slain by a gnoll

Illustrated notes

Levels and vault maps discovered:
D:1:      lightli_arrival_isolated_outpost, layout_basic,
          basic_ecumenical_altar, minmay_tetromino_t4
D:2:      layout_basic, basic_altar, uniq_sigmund

Skill      XL: |  1  2 |
---------------+-------+-----
Maces & Flails | 2 |  2.1
Fighting       | |  2.5
Dodging        | |  2.8
Shields        | |  2.7

Action                   || total
-------------------------++-------
Melee: Flail             ||    56
       Mace              ||     3
Armor: Robe              ||    45
Dodge: Dodged            ||    41
Block: Kite shield       ||    32

Table legend: (Time is in decaauts)
 A = Elapsed time spent in this place.
 B = Non-inter-level travel time spent in this place.
 C = Inter-level travel time spent in this place.
 D = Time resting spent in this place.
 E = Time spent auto-exploring this place.
 F = Levels seen in this place.
 G = Mean time per level.
                   A        B        C        D        E       F      G
               +--------+--------+--------+--------+--------+-----+--------+
         Total |    769 |    763 |      6 |      0 |    354 |   2 |  384.5 |
       Dungeon |    769 |    763 |      6 |      0 |    354 |   2 |  384.5 |
               +--------+--------+--------+--------+--------+-----+--------+

Top non-repeatable levels by time:
     D:1: 655 daAuts
     D:2: 114 daAuts
